 Dungeon Crawl Stone Soup version 0.18.1-50-g88ac8fd (webtiles) character file.

90 KarmaPolice the Grave Robber (level 4, -3/30 HPs)
             Began as a Vampire Necromancer on Sept 21, 2016.
             Killed from afar by an orc wizard (10 damage)
             ... with a puff of flame
             ... on level 3 of the Dungeon.
             The game lasted 00:11:18 (2825 turns).

KarmaPolice the Grave Robber (Vampire Necromancer)  Turns: 2825, Time: 00:11:19

Health: -3/30      AC:  2    Str:  7    XL:     4   Next: 32%
Magic:  1/9        EV: 12    Int: 18    God:
Gold:   152        SH:  0    Dex: 14    Spells: 2 memorised, 5 levels left

rFire  . . .     SeeInvis +     (no weapon)
rCold  + + .     Gourm    .     a - +0 robe
rNeg   + + +     Faith    .     (no shield)
rPois  ∞         Spirit   .     (no helmet)
rElec  .         Dismiss  .     (no cloak)
rCorr  .         Reflect  .     (no gloves)
SustAt .         Harm     .     (no boots)
MR     .....                    (no amulet)
Stlth  +++.......               (no ring)
                                (no ring)

@: bloodless, non-regenerating, not resistant to hostile enchantments, fairly
stealthy
A: fangs 3, see invisible, unbreathing
a: Bat Form


You were on level 3 of the Dungeon.
You were bloodless.

You visited 1 branch of the dungeon, and saw 3 of its levels.

You collected 152 gold pieces.

Inventory:

Missiles
 d - 3 curare-tipped needles
 k - 37 stones (quivered)
Armour
 a - a +0 robe (worn)
Wands
 o - a wand of iceblast (12/15)
Scrolls
 e - a scroll of immolation {unknown}
 h - 3 scrolls of remove curse {unknown}
 j - a scroll of identify {unknown}
 l - a scroll of recharging {unknown}
 m - a scroll of blinking {unknown}
 n - a scroll of magic mapping {unknown}
 p - a scroll of teleportation {unknown}
 q - a scroll of random uselessness {unknown}
 r - a scroll of fog {unknown}
Potions
 c - 13 potions of blood
 f - 2 potions of curing {unknown}
 g - a potion of ambrosia {unknown}
 i - a potion of flight {unknown}
Books
 b - a book of Necromancy

   Spells                             Type                      Level
   a - Pain                           Necromancy                   1
   b - Animate Skeleton               Necromancy                   1
   c - Vampiric Draining              Necromancy                   3
   d - Regeneration                   Charms/Necromancy            3
   e - Animate Dead                   Necromancy                   4
   f - Control Undead                 Necromancy                   4


   Skills:
 - Level 2.1 Dodging
 - Level 3.0 Stealth
 + Level 3.3 Spellcasting
 + Level 5.4 Necromancy


You had 5 spell levels left.
You knew the following spells:

 Your Spells              Type           Power        Failure   Level  Hunger
a - Pain                  Necr           ###.         1%          1    None
b - Vampiric Draining     Necr           ###.......   6%          3    ###....


Dungeon Overview and Level Annotations

Branches:
Dungeon (3/15)

Altars:
Pakellas
Sif Muna
Xom

Annotations:
D:2 Jessica
D:3 Terence


Innate Abilities, Weirdness & Mutations

You do not heal naturally.
You are immune to poison.
You have razor-sharp teeth.
You have supernaturally acute eyesight.
You can survive without breathing.


Message History

The orc wizard convulses in agony!
Casting: Pain
Confirm with . or Enter, or press ? or * to list all spells.
Aiming: Pain
Press: ? - help, Shift-Dir - straight line, f/p - orc wizard
Aim: an orc wizard, wielding a dagger and wearing a runed robe (lightly wounded, slightly transparent, chance to defeat MR: 81%)
The orc wizard convulses in agony!
Unknown command.
Casting: Pain
Confirm with . or Enter, or press ? or * to list all spells.
You don't have enough magic to cast that spell.
Casting: Pain
Confirm with . or Enter, or press ? or * to list all spells.
Aiming: Pain
Press: ? - help, Shift-Dir - straight line, f/p - orc wizard
Aim: an orc wizard, wielding a dagger and wearing a runed robe (heavily wounded, slightly transparent, chance to defeat MR: 81%)
The orc wizard convulses in agony!
The orc wizard gestures at you while chanting.
The puff of flame hits you!
You die...

## #..#.#
#.########### #
#.###.##...........#
..## #.#...###### .# .
#..#.## #.# #
#.#....######.###...
#.##...[...........#
#.# #.....####o.###.#
#.. #.#.#.# #..#
....###.#.#@# #..# ...
.......#o####..###.#.#
..#
##........†........#
#...........###.###
#..##.####.## #..##.#
#.# #..##.# #.#
#..##.####.#
#..........#


You could see an orc wizard (invisible).

Vanquished Creatures
  3 adders
  An ooze (D:3)
  A worm (D:3)
  3 dart slugs
  2 giant geckos (D:2)
  4 orcs (D:3)
  A ball python (D:1)
  6 bats
  3 goblins
  2 hobgoblins (D:2)
  3 jackals (D:1)
  A quokka (D:3)
  2 giant newts (D:1)
  4 kobolds
  10 rats
46 creatures vanquished.

Notes
Turn   | Place    | Note
--------------------------------------------------------------
     0 | D:1      | KarmaPolice the Vampire Necromancer began the quest for the Orb.
     0 | D:1      | Reached XP level 1. HP: 13/13 MP: 3/3
   405 | D:1      | Reached XP level 2. HP: 17/19 MP: 1/5
  1055 | D:2      | Reached XP level 3. HP: 17/24 MP: 0/7
  1250 | D:2      | Learned a level 3 spell: Vampiric Draining
  1258 | D:2      | Found an oddly glowing altar of Pakellas.
  1279 | D:2      | Noticed Jessica
  1826 | D:2      | Reached skill level 5 in Necromancy
  2196 | D:2      | You fall through a shaft!
  2219 | D:3      | Found a deep blue altar of Sif Muna.
  2352 | D:3      | Reached XP level 4. HP: 25/30 MP: 2/8
  2414 | D:3      | Noticed Terence
  2591 | D:3      | Found a shimmering altar of Xom.
  2825 | D:3      | Killed from afar by an orc wizard

Skill      XL: |  1  2  3 |
---------------+----------+-----
Spellcasting   | 3 |  3.3
Necromancy     | 5 |  5.4
Dodging        | |  2.1
Stealth        | |  3.0

Action                   |  1- 3 |  4- 6 || total
-------------------------+-------+-------++-------
Melee: Unarmed           |    35 |       ||    35
       Bite              |     4 |       ||     4
 Cast: Pain              |    67 |    21 ||    88
       Vampiric Draining |       |     2 ||     2
 Stab: Sleeping          |     1 |       ||     1
Armor: Robe              |    11 |       ||    11
Dodge: Dodged            |    50 |    12 ||    62
